cohdb
Replays
Latest Replays
All Replays
Popular Replays
Top Player Replays
Match Explorer
How It Works
Community
CoH3 Stats
Reddit
Sign in to upload your games and track your stats! →
Sign in with Steam
Match 40956510
Unlisted
Match 40956510
Overview
Messages
Build Orders
End
Construct Barracks
Riflemen Squad
Riflemen Squad
Selects Heavy Weapons
Riflemen Squad
Grenade Package
Selects M2HB .50cal Heavy Machine Gun
Construct Weapon Support Center
Selects M2HB .50cal Heavy Machine Gun
M1919 Machine Gun Team
M1919 Machine Gun Team
Bazooka Squad
M1919 Machine Gun Team
Infantry Support Center
Selects Assault Carriers
Selects Exchangeable Parts
M3 Assault Carrier
[EPIC]SAGEKING
Monseigneur
Potato Ball Sack
Reese Witherspoon
Krötentöten
JIANHU
TIAmoRoselia.
Gage
0
0
Comments
sign in to comment!
No comments posted yet!